 Dungeon Crawl Stone Soup version 0.29.1-15-g9cfb28693d (webtiles) character file.

Game seed: 15524473883041652280

4067 unlimited1921 the Thaumaturge (level 10, -2/61 HPs)
             Began as a Djinni Fire Elementalist on Mar 13, 2023.
             Was an Initiate of Gozag.
             Slain by a boulder beetle (42 damage)
             ... on level 9 of the Dungeon.
             The game lasted 01:05:22 (15347 turns).

unlimited1921 the Thaumaturge (DjFE)               Turns: 15347, Time: 01:05:22

Health: -2/61      AC:  3    Str:  7    XL:     10   Next: 49%
Gold:   589        EV: 12    Int: 21    God:    Gozag SH:  4 Dex: 20

rFire   + + +      SeeInvis .   N - +2 mace (protect)
rCold   + . .      Faith    .   F - +0 buckler
rNeg    . . .      Spirit   .   t - +0 leather armour
rPois   ∞          Reflect  .   (no helmet)
rElec   .          Harm     .   M - scarf {rC+ rF+}
rCorr   .          Rampage  .   (no gloves)
Will    +....                   (boots unavailable)
Stlth   +++.......              (no amulet)
HPRegen 0.20/turn               o - +6 ring of dexterity
MPRegen 0.00/turn               a - ring of protection from cold

@: flying
A: sickness immunity, fire resistance 2, cold vulnerability 1, float, innate
caster, HP casting, extra vitality 1
a: Renounce Religion, Potion Petition, Call Merchant, Bribe Branch


You were on level 9 of the Dungeon.
You worshipped Gozag.
Gozag was pleased with you.
You visited 2 branches of the dungeon, and saw 10 of its levels.

You collected 703 gold pieces.
You paid 114 gold pieces to Gozag.

Inventory:

Hand Weapons
 p - a +4 sling
 r - a +0 rapier
 s - a +0 trident
 B - a +3 great sword
 E - a +2 halberd of freezing
 I - a +0 rapier of venom
 L - a +2 vorpal sling
 N - a +2 mace of protection (weapon)
 R - a +0 dagger of electrocution
Missiles
 d - 16 poisoned darts (quivered)
 h - 3 boomerangs
 H - 5 javelins
 Q - 8 stones
Armour
 t - a +0 leather armour (worn)
 F - a +0 buckler (worn)
 M - a scarf of resistance (worn)
 O - a +0 chain mail of cold resistance
Jewellery
 a - a ring of protection from cold (right hand)
 o - a +6 ring of dexterity (left hand)
Wands
 m - a wand of flame (28)
 v - a wand of charming (2)
 D - a wand of iceblast (7)
 K - a wand of light (17)
Scrolls
 c - 2 scrolls of blinking {unknown}
 e - 2 scrolls of magic mapping {unknown}
 f - a scroll of acquirement {unknown}
 j - a scroll of fear {unknown}
 k - 2 scrolls of identify {unknown}
 n - a scroll of vulnerability {unknown}
 q - 2 scrolls of butterflies {unknown}
 u - 3 scrolls of immolation {unknown}
 w - a scroll of enchant weapon {unknown}
 y - 4 scrolls of teleportation {unknown}
 z - 2 scrolls of brand weapon {unknown}
 C - 2 scrolls of torment {unknown}
 J - a scroll of noise {unknown}
Potions
 b - 2 potions of heal wounds {unknown}
 g - 4 potions of curing {unknown}
 i - 2 potions of cancellation {unknown}
 l - a potion of brilliance {unknown}
 x - a potion of mutation {unknown}
 A - 2 potions of haste {unknown}
 G - a potion of might {unknown}
Miscellaneous
 P - a lightning rod (4/4)


   Skills:
 + Level 0.8 Fighting
 * Level 3.0 Dodging
 + Level 4.3 Stealth
 + Level 10.8 Spellcasting


You had 8 spell levels left.
You knew the following spells:

 Your Spells              Type           Power      Damage    Failure   Level
a - Foxfire               Conj/Fire      100%       2x1d9     1%          1
b - Scorch                Fire           100%       2d10      1%          2
c - Conjure Flame         Conj/Fire      54%        6-21      1%          3
d - Inner Flame           Hex/Fire       54%        N/A       1%          3
e - Flame Wave            Conj/Fire      54%        2d13      1%          4
f - Summon Small Mammal   Summ           100%       N/A       1%          1
g - Passwall              Tmut/Erth      45%        N/A       1%          2
h - Mephitic Cloud        Conj/Pois/Air  54%        N/A       1%          3
i - Portal Projectile     Hex/Tloc       100%       N/A       1%          3
Your spell library was empty.

Dungeon Overview and Level Annotations

Branches:
Dungeon (9/15)             Temple (1/1) D:7            Lair (0/5) D:8
    Orc: D:9-12

Altars:
Ashenzari
Cheibriados
Dithmenos
Fedhas
Gozag
Hepliaklqana
Makhleb
Nemelex Xobeh
Okawaru
Ru
Trog
Uskayaw
Wu Jian
Yredelemnul
Zin

Shops:
D:3 =


Innate Abilities, Weirdness & Mutations

You are immune to sickness and miasma.
You are immune to poison.
Your flesh is very heat resistant. (rF++)
You are vulnerable to cold. (rC-)
You float through the air rather than walking.
You learn spells naturally, not from books.
Your magical power is your life essence.
You have superior vitality. (+4 MHP)


Message History

You kill the electric eel!
You hear a splash.
You conjure some foxfire!
You conjure some foxfire!
Your foxfire dissipates! x2
Your foxfire dissipates!
You conjure some foxfire!
Your foxfire dissipates! x3
You conjure some foxfire!
Your foxfire dissipates! x2
Your foxfire dissipates!
You start resting.
A boulder beetle comes into view.
Casting: Foxfire (safe; 1% risk of failure)
Confirm with . or Enter, or press ? or * to list all spells.
Aiming: Mephitic Cloud (safe; 1% risk of failure)
Press: ? - help, Shift-Dir - straight line, f - boulder beetle
Aim: a boulder beetle (wandering, hasn't noticed you, chance to affect: 43%)
The ball explodes into a vile cloud!
The stinking cloud engulfs the boulder beetle but does no damage.
The boulder beetle is engulfed in noxious fumes.
The boulder beetle appears confused.
Casting: Mephitic Cloud (safe; 1% risk of failure)
Confirm with . or Enter, or press ? or * to list all spells.
Okay, then.
Unknown command.
Throw: 17 darts (poison)
Press: ? - help, Q - select action, (/) - cycle Shift-Dir - straight line, f/p - boulder beetle
Aim: a boulder beetle (confused, 93% to hit)
You throw a poisoned dart.
The poisoned dart hits the boulder beetle.
The boulder beetle is poisoned.
The boulder beetle seems to be having trouble coordinating all six of its legs.
The boulder beetle seems less confused.
The boulder beetle curls into a ball and begins rolling!
The boulder beetle looks more healthy.
The boulder beetle hits you!!!
Ouch! That really hurt!
You die...
Your body crumbles into a pile of gold.

........# # ....
........# ~###..# #.<#
......# #..# ......#
#..# ......# #..#######
~....$#+#######(°......#
§...$.........○........#
.............°.B@......#
......###...°..........#
~~....+ #..............#
..~...# #..............#
..~§.§# #######........#
~~..§.# #.....####
~..$..# #.....# ~###..#
#..#### #..#


You could see a boulder beetle (rolling).

Vanquished Creatures
  Prince Ribbit (D:7)
  A yak (D:9)
  A wyvern (D:8)
  Eustachio (D:5)
  Grum (D:8)
  Duvessa (D:7)
  4 orc warriors
  A water moccasin (D:7)
  2 sky beasts
  An ice beast (D:6)
  A black bear (D:5)
  4 wolves (D:8)
  An ogre (D:5)
  A centaur (D:7)
  2 kobold brigands
  A bullfrog (D:7)
  A necrophage (D:7)
  A gnoll sergeant (D:8)
  A scorpion (D:7)
  7 wights
  Dowan (D:7)
  A killer bee (D:9)
  An electric eel (D:9)
  3 orc priests
  2 jellies
  3 hounds
  Jessica (D:3)
  4 iguanas
  Natasha (twice) (D:3)
  9 orc wizards
  A hound zombie (D:3)
  11 gnolls
  6 adders
  A shadow imp (D:7)
  A white imp (D:5)
  2 ufetubi
  An adder skeleton (D:3)
  An adder zombie (D:3)
  A worm (D:3)
  3 dart slugs
  35 orcs
  4 bats
  6 endoplasms
  4 giant cockroaches
  6 goblins
  3 hobgoblins
  3 jackals (D:2)
  16 kobolds
  3 quokkas
  8 ball pythons
  A ball python skeleton (D:3)
  A ball python zombie (D:3)
  6 frilled lizards
  A giant cockroach zombie (D:3)
  A quokka skeleton (D:3)
  5 rats
192 creatures vanquished.

Vanquished Creatures (collateral kills)
  8 foxfires
8 creatures vanquished.

Vanquished Creatures (others)
  A bush (D:7)
  684 foxfires
  5 fungi (D:5)
  4 plants (D:7)
  5 withered plants (D:3)
699 creatures vanquished.

Grand Total: 899 creatures vanquished

Notes
Turn   | Place    | Note
-------+----------+-------------------------------------------
     0 | D:1      | unlimited1921 the Djinni Fire Elementalist began the quest
                  | for the Orb.
     0 | D:1      | unlimited1921 set off with the following spells memorised:
                  | Foxfire, Scorch, Conjure Flame, Inner Flame, Flame Wave.
     0 | D:1      | Reached XP level 1. HP: 15/15 MP: 0/0
   685 | D:1      | Reached XP level 2. HP: 18/21 MP: 0/0
   830 | D:1      | Found a faded altar of an unknown god.
  1866 | D:1      | Reached skill level 3 in Spellcasting
  1994 | D:1      | Reached XP level 3. HP: 24/25 MP: 0/0
  1994 | D:1      | Learned a level 1 spell: Summon Small Mammal
  2730 | D:2      | Reached XP level 4. HP: 20/31 MP: 0/0
  4569 | D:3      | Reached XP level 5. HP: 31/35 MP: 0/0
  4569 | D:3      | Learned a level 2 spell: Passwall
  4650 | D:3      | Noticed Jessica
  4654 | D:3      | Killed Jessica
  4655 | D:3      | Reached skill level 4 in Spellcasting
  5308 | D:3      | Reached XP level 6. HP: 32/40 MP: 0/0
  5308 | D:3      | Noticed Natasha
  5312 | D:3      | Killed Natasha
  5501 | D:3      | Noticed Natasha
  5507 | D:3      | Killed Natasha
  5665 | D:3      | Found Alenoh's Jewellery Shop.
  5792 | D:3      | Found a sparkling altar of Nemelex Xobeh.
  6683 | D:4      | You are sucked into a shaft and drop 3 floors!
  6703 | D:7      | Reached skill level 5 in Spellcasting
  6891 | D:7      | Found an iron altar of Okawaru.
  7016 | D:7      | Reached XP level 7. HP: 37/45 MP: 0/0
  7016 | D:7      | Learned a level 3 spell: Mephitic Cloud
  7136 | D:7      | Noticed Duvessa
  7154 | D:7      | Killed Duvessa
  7156 | D:7      | Noticed Dowan
  7162 | D:7      | Killed Dowan
  7309 | D:7      | Noticed Prince Ribbit
  7314 | D:7      | Killed Prince Ribbit
  7315 | D:7      | Reached skill level 6 in Spellcasting
  7315 | D:7      | Reached XP level 8. HP: 39/50 MP: 0/0
  7650 | D:7      | Found a staircase to the Ecumenical Temple.
  7819 | D:7      | Reached skill level 7 in Spellcasting
  7958 | Temple   | Entered the Ecumenical Temple
  8352 | D:6      | Reached XP level 9. HP: 49/56 MP: 0/0
  8352 | D:6      | Learned a level 3 spell: Portal Projectile
  8457 | D:5      | Entered Level 5 of the Dungeon
  8773 | D:5      | Reached skill level 8 in Spellcasting
 10215 | D:5      | Noticed Eustachio
 10227 | D:5      | Killed Eustachio
 11493 | D:6      | Reached skill level 9 in Spellcasting
 11937 | D:6      | Found an ornate altar of the Wu Jian Council.
 12812 | D:7      | Found an opulent altar of Gozag.
 12813 | D:7      | Found a broken altar of Ashenzari.
 12814 | D:7      | Found a hazy altar of Hepliaklqana.
 12815 | D:7      | Found a blossoming altar of Fedhas.
 12819 | D:7      | Became a worshipper of Gozag Ym Sagoz the Greedy
 13684 | D:8      | Reached XP level 10. HP: 54/61 MP: 0/0
 13836 | D:9      | Reached skill level 10 in Spellcasting
 14362 | D:8      | Noticed Grum
 14370 | D:8      | Killed Grum
 14683 | D:8      | Found a staircase to the Lair.
 15064 | D:8      | Found a hide-covered altar of Uskayaw.
 15340 | D:9      | Noticed a boulder beetle
 15347 | D:9      | Slain by a boulder beetle

Illustrated notes

Levels and vault maps discovered:
D:1:      minmay_arrival_solitary_statue, layout_basic,
          nicolae_ecumenical_lake_church, dreamdust_wishing_well
D:2:      layout_loops_corners, roderic_lattice_a
D:3:      layout_rooms, nemelex_diamond_rough_becter, serial_undead,
          serial_undead_a, serial_undead_c, serial_undead_e, serial_undead_b,
          serial_undead_c, serial_undead_b, serial_undead_e, serial_undead_e,
          serial_undead_a, serial_undead_b, serial_shops, shop_fountains,
          uniq_natasha, uniq_jessica
D:4:      layout_rooms
D:5:      layout_cave_pools, palyth_temple_overflow_mages,
          kennysheep_crisscross, dreamdust_mushroom_princess, uniq_eustachio
D:6:      layout_layer_cave, nicolae_wu_jian_immortal_techniques
D:7:      layout_loops_corners, okawaru_metal_pillars_1_2,
          mainiacjoe_overflow_alcove_3, minmay_temple_entry_overgrown,
          uniq_duvessa, uniq_prince_ribbit1
D:8:      layout_loops_ring, general_overflow_altar, lair_entry_dummy, uniq_grum
D:9:      cheibrodos_helix_gallery, layout_irregular_city,
          mainiacjoe_overflow_surrounded_room
Temple:   nicolae_temple_ecumenical_triangle

Skill      XL: |  1  2  3  4  5  6  7  8  9 10 |
---------------+-------------------------------+-----
Spellcasting   | 3 4 5 6 7 9 10 | 10.8
Stealth        | 2 3 4 |  4.3
Dodging        | 3 |  3.0
Fighting       | |  0.8

Action                   |  1- 3 |  4- 6 |  7- 9 | 10-12 || total
-------------------------+-------+-------+-------+-------++-------
Melee: Halberd           |       |       |     4 |       ||     4
Throw: Dart              |       |       |       |     1 ||     1
 Cast: Foxfire           |    64 |   132 |   180 |    36 ||   412
       Scorch            |     1 |    19 |    46 |    15 ||    81
       Inner Flame       |     1 |     9 |    29 |    13 ||    52
       Mephitic Cloud    |       |       |    13 |     2 ||    15
       Summon Small Mamm |       |       |     1 |     2 ||     3
       Conjure Flame     |       |       |     2 |       ||     2
  Use: Potion            |       |     2 |       |       ||     2
Armor: Robe              |       |       |     3 |       ||     3
Dodge: Dodged            |     4 |     4 |    18 |     9 ||    35
